[Event "HUN-ch Rapid 2019"]
[Site "Ajka"]
[Date "2019.07.20"]
[Round "8.20"]
[White "Bohus, Adam"]
[Black "Kiss, Pal"]
[Result "1-0"]
[ECO "D12"]
[WhiteElo "2219"]
[BlackElo "2278"]
[Annotator "ChessBase"]
[PlyCount "81"]
[EventDate "2019.07.18"]
[EventType "swiss"]
[EventCountry "HUN"]
[SourceTitle "playchess.com"]
[Source "ChessBase"]
[SourceQuality "1"]
[TimeControl "1200+5"]

1. d4 d5 2. Nf3 Nf6 3. c4 c6 4. e3 Bf5 5. Nc3 e6 6. Nh4 Be4 7. f3 Bg6 8. Qb3 Qb6 9. Bd2 Qxb3 10. axb3 Bc2 11. e4 dxe4 12. Rc1 Bd3 13. fxe4 Bxe4 14. Bg5 Nbd7 15. Be2 h6 16. Be3 Bh7 17. O-O Bd6 18. d5 exd5 19. cxd5 Nxd5 20. Nxd5 cxd5 21. Bb5 a6 22. Bxd7+ Kxd7 23. Rxf7+ Ke6 24. Rxg7 Be4 25. Bd4 Rhg8 26. Rxb7 Rab8 27. Rxb8 Rxb8 28. Rc6 Rxb3 29. Bc5 Rxb2 30. Rxd6+ Ke5 31. Rxa6 d4 32. Nf3+ Bxf3 33. gxf3 d3 34. Rd6 Rb5 35. Ba3 Rb3 36. Bc5 Rb5 37. Ba3 Rb3 38. f4+ Kxf4 39. Bc1+ Ke5 40. Rc6 Rb1 41. Kf2 1-0

[Event "HUN-ch Rapid 2019"]
[Site "Ajka"]
[Date "2019.07.20"]
[Round "9.4"]
[White "Mihok, Oliver"]
[Black "Hera, Imre Jr."]
[Result "0-1"]
[ECO "C41"]
[WhiteElo "2550"]
[BlackElo "2610"]
[Annotator "RC"]
[PlyCount "82"]
[EventDate "2019.07.18"]
[EventType "swiss"]
[EventCountry "HUN"]
[SourceTitle "playchess.com"]
[Source "ChessBase"]
[SourceQuality "1"]
[TimeControl "1200+5"]

1. e4 e5 2. Nf3 d6 3. d4 exd4 4. Nxd4 Nf6 5. Nc3 Be7 6. Be2 O-O 7. Bf4 Re8 8. Qd2 Nc6 9. O-O-O Nxd4 10. Qxd4 Be6 11. Kb1 a6 12. f3 b5 13. g4 c5 14. Qd2 b4 15. Nd5 Nxd5 16. exd5 Bd7 17. Bd3 Bb5 18. Be4 Bf6 19. g5 Be5 20. h4 a5 21. h5 c4 22. g6 c3 23. Qh2 Qf6 24. Bxe5 Rxe5 25. gxf7+ Qxf7 26. Qg1 Be2 27. Re1 Bxf3 28. Bxf3 Qxf3 29. h6 g6 30. Rf1 Qe3 31. Qg4 Rae8 32. Rd1 Qe4 33. Qd7 R5e7 34. Qh3 a4 35. bxc3 b3 36. Qd3 bxc2+ 37. Qxc2 Rb7+ 38. Kc1 Qe3+ 39. Rd2 Rc8 40. c4 Rb4 41. Rh4 Qe1+ 0-1

[Event "HUN-ch Rapid 2019"]
[Site "Ajka"]
[Date "2019.07.20"]
[Round "9.5"]
[White "Prohaszka, Peter"]
[Black "Popovics, Adam"]
[Result "1/2-1/2"]
[ECO "D71"]
[WhiteElo "2598"]
[BlackElo "2365"]
[Annotator "ChessBase"]
[PlyCount "90"]
[EventDate "2019.07.18"]
[EventType "swiss"]
[EventCountry "HUN"]
[SourceTitle "playchess.com"]
[Source "ChessBase"]
[SourceQuality "1"]
[TimeControl "1200+5"]

1. d4 Nf6 2. c4 g6 3. g3 c5 4. Nf3 Bg7 5. Bg2 cxd4 6. Nxd4 Nc6 7. O-O O-O 8. Nc3 d6 9. e3 Bd7 10. Nde2 Rc8 11. b3 a6 12. Bb2 Qa5 13. a4 Rfd8 14. h3 Be8 15. Rb1 Rb8 16. Ba3 Qc7 17. Qd2 Ne5 18. Rfc1 Rbc8 19. Nf4 Qb8 20. Ncd5 Nxd5 21. Nxd5 Kf8 22. a5 Bc6 23. f4 Nd7 24. b4 b5 25. axb6 Nxb6 26. b5 axb5 27. cxb5 Bxd5 28. Bxd5 Qa7 29. Rxc8 Rxc8 30. Bc1 Nxd5 31. Qxd5 Rxc1+ 32. Rxc1 Qxe3+ 33. Kh2 Bd4 34. Rc8+ Kg7 35. Qg2 h5 36. h4 e5 37. fxe5 Bxe5 38. Rc7 Qb6 39. Rb7 Qd4 40. Qf3 Qxh4+ 41. Kg2 Qc4 42. b6 Qc2+ 43. Kh3 Qc8+ 44. Kg2 Qc2+ 45. Kh3 Qc8+ 1/2-1/2

[Event "HUN-ch Rapid 2019"]
[Site "Ajka"]
[Date "2019.07.20"]
[Round "9.7"]
[White "Vertetics, Attila"]
[Black "Horvath, Peter"]
[Result "1/2-1/2"]
[ECO "D31"]
[WhiteElo "2438"]
[BlackElo "2418"]
[Annotator "NA"]
[PlyCount "58"]
[EventDate "2019.07.18"]
[EventType "swiss"]
[EventCountry "HUN"]
[SourceTitle "playchess.com"]
[Source "ChessBase"]
[SourceQuality "1"]
[TimeControl "1200+5"]

1. d4 d5 2. c4 e6 3. Nc3 Bb4 4. cxd5 exd5 5. Nf3 Nf6 6. Bg5 Nbd7 7. e3 c5 8. Bxf6 Qxf6 9. a3 Bxc3+ 10. bxc3 c4 11. Nd2 O-O 12. g3 Qh6 13. Bg2 Nf6 14. O-O Bf5 15. Re1 Rfe8 16. Ra2 Bd3 17. Rb2 Ne4 18. Nxe4 dxe4 19. Rxb7 Qa6 20. Rb4 Qxa3 21. Qa1 Qxa1 22. Rxa1 a5 23. Rba4 Reb8 24. f3 f5 25. fxe4 fxe4 26. Rxa5 Rxa5 27. Rxa5 Rb1+ 28. Kf2 Rb2+ 29. Kg1 Rb3 1/2-1/2

[Event "HUN-ch Rapid 2019"]
[Site "Ajka"]
[Date "2019.07.20"]
[Round "9.8"]
[White "Farago, Sandor"]
[Black "Ruck, Robert"]
[Result "0-1"]
[ECO "B18"]
[WhiteElo "2210"]
[BlackElo "2524"]
[Annotator "ChessBase"]
[PlyCount "90"]
[EventDate "2019.07.18"]
[EventType "swiss"]
[EventCountry "HUN"]
[SourceTitle "playchess.com"]
[Source "ChessBase"]
[SourceQuality "1"]
[TimeControl "1200+5"]

1. e4 c6 2. d4 d5 3. Nc3 dxe4 4. Nxe4 Bf5 5. Ng3 Bg6 6. Nf3 Nd7 7. Bc4 e6 8. Qe2 Ngf6 9. c3 Be7 10. Ne5 Nxe5 11. dxe5 Nd7 12. O-O b5 13. Bb3 Nc5 14. Rd1 Qc7 15. Bf4 O-O 16. Bc2 Rfd8 17. Bxg6 hxg6 18. Ne4 Nxe4 19. Qxe4 Rd5 20. c4 bxc4 21. Qxc4 Qb6 22. Be3 Qxb2 23. Rdb1 Qxe5 24. Qxc6 Rad8 25. g3 a5 26. Re1 Qf5 27. a3 Kh7 28. Qa4 Rd3 29. Bb6 R8d5 30. Ra2 Rb5 31. Be3 Rbb3 32. Qe8 Bxa3 33. Rae2 Bb4 34. Rc1 Rbc3 35. Rxc3 Bxc3 36. Qa4 Qd5 37. f4 Rxe3 38. Rxe3 Bd4 39. Kf2 Qc5 40. Qb3 a4 41. Qxa4 Bxe3+ 42. Kf3 Bg1 43. Qe8 Qd5+ 44. Ke2 Qe4+ 45. Kf1 Be3 0-1

[Event "HUN-ch Rapid 2019"]
[Site "Ajka"]
[Date "2019.07.20"]
[Round "9.9"]
[White "Horvath, Tamas"]
[Black "Medvegy, Zoltan"]
[Result "1/2-1/2"]
[ECO "B29"]
[WhiteElo "2306"]
[BlackElo "2539"]
[Annotator "ChessBase"]
[PlyCount "77"]
[EventDate "2019.07.18"]
[EventType "swiss"]
[EventCountry "HUN"]
[SourceTitle "playchess.com"]
[Source "ChessBase"]
[SourceQuality "1"]
[TimeControl "1200+5"]

1. e4 c5 2. Nf3 Nf6 3. e5 Nd5 4. Nc3 Nxc3 5. dxc3 Nc6 6. Bf4 Qc7 7. Qd2 e6 8. Bd3 h6 9. h4 a6 10. Be4 b5 11. Qe3 Bb7 12. a4 d5 13. exd6 Bxd6 14. Bxd6 Qxd6 15. Rd1 Qe7 16. Rh3 O-O 17. Rg3 Kh8 18. Bxc6 Bxc6 19. Ne5 Be8 20. Qf4 f6 21. Ng4 bxa4 22. Rgd3 Ra7 23. Rd6 Bh5 24. R1d2 Bxg4 25. Qxg4 a3 26. bxa3 f5 27. Qc4 f4 28. Qxe6 Qxh4 29. Qh3 Qe7+ 30. Re6 Qf7 31. Rdd6 Re7 32. Kf1 Rxe6 33. Qxe6 Qxe6 34. Rxe6 Rb8 35. Rxa6 Rb2 36. Rc6 Rxc2 37. Rxc5 Ra2 38. Rc4 Rxa3 39. Rxf4 1/2-1/2

[Event "HUN-ch Rapid 2019"]
[Site "Ajka"]
[Date "2019.07.20"]
[Round "9.10"]
[White "Marosi, Levente"]
[Black "Videki, Sandor"]
[Result "0-1"]
[ECO "B30"]
[WhiteElo "2225"]
[BlackElo "2401"]
[Annotator "NA"]
[PlyCount "74"]
[EventDate "2019.07.18"]
[EventType "swiss"]
[EventCountry "HUN"]
[SourceTitle "playchess.com"]
[Source "ChessBase"]
[SourceQuality "1"]
[TimeControl "1200+5"]

1. e4 c5 2. Nf3 Nc6 3. g3 g6 4. Bg2 Bg7 5. O-O e5 6. c3 Nge7 7. Na3 O-O 8. d3 d5 9. exd5 Nxd5 10. Re1 Re8 11. Nc4 h6 12. a4 Bf5 13. h3 Nb6 14. Nxb6 Qxb6 15. g4 Be6 16. Nd2 Rad8 17. Qc2 Na5 18. Ra3 Rd7 19. Bf1 Qd8 20. Nc4 Nxc4 21. dxc4 f5 22. Ra1 Kh7 23. Be3 fxg4 24. Rad1 Bf5 25. Qb3 gxh3 26. Rxd7 Qxd7 27. Rd1 Qe7 28. Kh2 e4 29. Be2 Be5+ 30. Kh1 Bb8 31. Rg1 Rd8 32. Qb5 b6 33. a5 Rd3 34. axb6 axb6 35. Qxb6 Qe5 36. Rg3 Rxe3 37. Qb7+ Bc7 0-1

[Event "HUN-ch Rapid 2019"]
[Site "Ajka"]
[Date "2019.07.20"]
[Round "9.12"]
[White "Csonka, Balazs"]
[Black "Bohus, Adam"]
[Result "0-1"]
[ECO "D20"]
[WhiteElo "2472"]
[BlackElo "2219"]
[Annotator "ChessBase"]
[PlyCount "160"]
[EventDate "2019.07.18"]
[EventType "swiss"]
[EventCountry "HUN"]
[SourceTitle "playchess.com"]
[Source "ChessBase"]
[SourceQuality "1"]
[TimeControl "1200+5"]

1. d4 d5 2. c4 dxc4 3. e4 b5 4. a4 c6 5. axb5 cxb5 6. Nc3 a6 7. Nxb5 axb5 8. Rxa8 Bb7 9. Ra1 e6 10. Ne2 Bxe4 11. Nc3 Bb4 12. Qg4 Nf6 13. Qg3 Nc6 14. Be3 Nxd4 15. Bxd4 Qxd4 16. Qb8+ Ke7 17. Ra7+ Nd7 18. Rxd7+ Qxd7 19. Qxh8 Qd4 20. f3 Qe3+ 21. Kd1 Qd4+ 22. Ke1 Qe3+ 23. Kd1 Bxf3+ 24. gxf3 Qxf3+ 25. Ke1 Qe4+ 26. Kd2 Qxh1 27. Be2 Qa1 28. Kc2 Bxc3 29. bxc3 Qa2+ 30. Kd1 Qb1+ 31. Kd2 Qb2+ 32. Kd1 Qb1+ 33. Kd2 Qb2+ 34. Kd1 Qxc3 35. Qxh7 Qd4+ 36. Ke1 b4 37. Qc2 Qg1+ 38. Bf1 Qe3+ 39. Be2 c3 40. Qb3 Qg1+ 41. Bf1 Qe3+ 42. Be2 Qc1+ 43. Bd1 Qd2+ 44. Kf1 Qd3+ 45. Ke1 Qe4+ 46. Kf2 f5 47. Bc2 Qd4+ 48. Ke2 Qd2+ 49. Kf1 Qf4+ 50. Ke1 Qh4+ 51. Kf1 Qh3+ 52. Ke1 Qe3+ 53. Kf1 Qf4+ 54. Ke1 Kf6 55. h3 Qe3+ 56. Kf1 Qxh3+ 57. Kg1 Qe3+ 58. Kh1 Qf3+ 59. Kg1 Qg4+ 60. Kh2 Qf4+ 61. Kg1 g5 62. Qa4 Qd4+ 63. Kg2 g4 64. Bb3 Qd2+ 65. Kg3 Kg5 66. Qa5 Qf4+ 67. Kg2 Qf3+ 68. Kg1 Qe3+ 69. Kg2 Qd2+ 70. Kg3 Qd3+ 71. Kg2 c2 72. Bxc2 Qxc2+ 73. Kg1 Qc1+ 74. Kf2 Qc2+ 75. Ke1 Qc3+ 76. Kf2 Qd4+ 77. Ke2 b3 78. Qa3 Qe4+ 79. Kf2 Qc2+ 80. Kg1 Qb1+ 0-1

[Event "HUN-ch Rapid 2019"]
[Site "Ajka"]
[Date "2019.07.20"]
[Round "9.13"]
[White "Farago, Ivan"]
[Black "Karacsonyi, Gellert"]
[Result "0-1"]
[ECO "D37"]
[WhiteElo "2350"]
[BlackElo "2315"]
[Annotator "NA"]
[PlyCount "94"]
[EventDate "2019.07.18"]
[EventType "swiss"]
[EventCountry "HUN"]
[SourceTitle "playchess.com"]
[Source "ChessBase"]
[SourceQuality "1"]
[TimeControl "1200+5"]

1. d4 Nf6 2. c4 e6 3. Nf3 d5 4. Nc3 Nbd7 5. cxd5 exd5 6. Bg5 c6 7. e3 h6 8. Bh4 g5 9. Bg3 Nh5 10. Bd3 Nxg3 11. hxg3 Bg7 12. Qc2 Nb6 13. Bf5 Bxf5 14. Qxf5 Qd7 15. Qxd7+ Nxd7 16. g4 O-O 17. Ne2 f5 18. gxf5 Rxf5 19. Ng3 Rf7 20. O-O Rc8 21. Rac1 Nb6 22. b3 Kh7 23. Ne1 Nd7 24. Nd3 Kg6 25. f4 Re8 26. Ne5+ Nxe5 27. fxe5 Rxf1+ 28. Rxf1 Rf8 29. Rc1 h5 30. b4 h4 31. Ne2 Bh6 32. b5 cxb5 33. Rc5 g4 34. Nf4+ Bxf4 35. exf4 Rxf4 36. Rxd5 g3 37. Rd6+ Kf7 38. d5 Rc4 39. Rf6+ Ke8 40. Rf1 Re4 41. e6 Rd4 42. Re1 Rxd5 43. Kf1 Rf5+ 44. Kg1 Ke7 45. Re4 Rc5 46. Kf1 Rc1+ 47. Ke2 h3 0-1

[Event "HUN-ch Rapid 2019"]
[Site "Ajka"]
[Date "2019.07.20"]
[Round "9.14"]
[White "Jakab, Attila"]
[Black "Bodi, Tibor"]
[Result "1/2-1/2"]
[ECO "D35"]
[WhiteElo "2377"]
[BlackElo "2244"]
[Annotator "NA"]
[PlyCount "71"]
[EventDate "2019.07.18"]
[EventType "swiss"]
[EventCountry "HUN"]
[SourceTitle "playchess.com"]
[Source "ChessBase"]
[SourceQuality "1"]
[TimeControl "1200+5"]

1. d4 Nf6 2. c4 e6 3. Nc3 d5 4. cxd5 exd5 5. Bg5 Be7 6. e3 O-O 7. Bd3 h6 8. Bh4 Nbd7 9. Nf3 Re8 10. Qc2 c6 11. O-O Nh5 12. Bxe7 Qxe7 13. Rab1 Nhf6 14. b4 a6 15. a4 b5 16. Nd2 Nb6 17. Nb3 Qxb4 18. Nc5 Qa5 19. Ra1 Nxa4 20. N3xa4 bxa4 21. Rxa4 Qc7 22. Nxa6 Bxa6 23. Rxa6 Rxa6 24. Bxa6 Qb6 25. Bd3 Rb8 26. Rb1 Qxb1+ 27. Qxb1 Rxb1+ 28. Bxb1 Kf8 29. f3 Ke7 30. Kf2 Nd7 31. f4 Kd6 32. Kf3 c5 33. dxc5+ Kxc5 34. g4 d4 35. exd4+ Kxd4 36. h4 1/2-1/2

[Event "HUN-ch Rapid 2019"]
[Site "Ajka"]
[Date "2019.07.20"]
[Round "9.15"]
[White "Dankhazi, Andras"]
[Black "Kovacs, Marton"]
[Result "1/2-1/2"]
[ECO "D30"]
[WhiteElo "2277"]
[BlackElo "2147"]
[Annotator "NA"]
[PlyCount "217"]
[EventDate "2019.07.18"]
[EventType "swiss"]
[EventCountry "HUN"]
[SourceTitle "playchess.com"]
[Source "ChessBase"]
[SourceQuality "1"]
[TimeControl "1200+5"]

1. d4 d5 2. c4 e6 3. Nf3 Nf6 4. g3 c6 5. Bg2 Bb4+ 6. Bd2 Bd6 7. Nc3 O-O 8. Bg5 h6 9. Bxf6 Qxf6 10. c5 Bc7 11. e4 dxe4 12. Nxe4 Ba5+ 13. Kf1 Qe7 14. Ne5 Bc7 15. Qc2 Rd8 16. Rd1 Na6 17. f4 Nb4 18. Qd2 Nd5 19. Nc4 b6 20. Ne5 Bb7 21. b4 f6 22. Nc4 Ba6 23. Rc1 Rab8 24. Kf2 f5 25. Ned6 bxc5 26. bxc5 Bxc4 27. Nxc4 Nxf4 28. Bxc6 Nd5 29. Bxd5 Rxd5 30. Qe3 f4 31. Qe4 fxg3+ 32. hxg3 Rf8+ 33. Kg2 Qd7 34. Rhe1 Rxd4 35. Qxe6+ Qxe6 36. Rxe6 Rd3 37. Re3 Rd4 38. Rc2 Rfd8 39. Kf3 g5 40. Ke2 Rg4 41. Rcc3 Rdd4 42. Nd2 Ra4 43. Nb3 Rxa2+ 44. Kf1 Rb4 45. Re2 Rxe2 46. Kxe2 Rg4 47. Kf2 Rb4 48. c6 h5 49. Nc5 h4 50. gxh4 gxh4 51. Ne6 Bb6+ 52. Kg2 Re4 53. c7 Bxc7 54. Nxc7 a5 55. Nd5 Kf7 56. Ra3 a4 57. Nb6 Rg4+ 58. Kh2 Rb4 59. Nxa4 Kg6 60. Nc5 Kg5 61. Ra2 Kg4 62. Rg2+ Kh5 63. Nd3 Rb3 64. Nf4+ Kh6 65. Rg6+ Kh7 66. Rg4 h3 67. Nxh3 Rb2+ 68. Kg3 Rb3+ 69. Kh4 Rb5 70. Ng1 Kh6 71. Nf3 Rc5 72. Ng5 Rc1 73. Nf7+ Kh7 74. Ne5 Rc5 75. Re4 Kg7 76. Kg5 Ra5 77. Kf5 Rb5 78. Ra4 Rb1 79. Ra7+ Kf8 80. Rc7 Rf1+ 81. Ke6 Re1 82. Rf7+ Ke8 83. Rh7 Kf8 84. Ra7 Kg8 85. Kf6 Rf1+ 86. Kg5 Rg1+ 87. Ng4 Kf8 88. Ra4 Ke7 89. Re4+ Kd6 90. Rd4+ Kc5 91. Rd8 Kc6 92. Kf5 Rf1+ 93. Ke6 Re1+ 94. Ne5+ Kc5 95. Rd5+ Kb4 96. Kd6 Rh1 97. Nc6+ Kc4 98. Rd4+ Kc3 99. Rg4 Rh6+ 100. Kd5 Rh5+ 101. Ne5 Kd2 102. Kd4 Rh8 103. Rg2+ Kd1 104. Ke3 Re8 105. Ke4 Rh8 106. Nf3 Re8+ 107. Kd3 Rd8+ 108. Nd4 Ke1 109. Ke4 1/2-1/2

[Event "HUN-ch Rapid 2019"]
[Site "Ajka"]
[Date "2019.07.20"]
[Round "9.16"]
[White "Haszon, David"]
[Black "Hoang, Thanh Trang"]
[Result "0-1"]
[ECO "A80"]
[WhiteElo "2279"]
[BlackElo "2414"]
[Annotator "NA"]
[PlyCount "50"]
[EventDate "2019.07.18"]
[EventType "swiss"]
[EventCountry "HUN"]
[SourceTitle "playchess.com"]
[Source "ChessBase"]
[SourceQuality "1"]
[TimeControl "1200+5"]

1. d4 f5 2. Nc3 Nf6 3. Bg5 d5 4. e3 e6 5. Nf3 h6 6. Bxf6 Qxf6 7. Ne5 g6 8. Nb5 Rh7 9. c4 c6 10. Nc3 Nd7 11. Nxd7 Bxd7 12. Qb3 O-O-O 13. a4 f4 14. Be2 fxe3 15. fxe3 e5 16. O-O-O Qg5 17. cxd5 Qxe3+ 18. Kb1 exd4 19. dxc6 Bxc6 20. Bg4+ Kb8 21. Rhe1 Qg5 22. Be2 dxc3 23. Bb5 Bxb5 24. Rxd8+ Qxd8 25. Qxb5 Re7 0-1

[Event "HUN-ch Rapid 2019"]
[Site "Ajka"]
[Date "2019.07.20"]
[Round "9.17"]
[White "Gelle, Istvan"]
[Black "Csiszar, Csaba"]
[Result "1-0"]
[ECO "A45"]
[WhiteElo "2325"]
[BlackElo "2432"]
[Annotator "NA"]
[PlyCount "83"]
[EventDate "2019.07.18"]
[EventType "swiss"]
[EventCountry "HUN"]
[SourceTitle "playchess.com"]
[Source "ChessBase"]
[SourceQuality "1"]
[TimeControl "1200+5"]

1. d4 Nf6 2. Bf4 e6 3. e3 c5 4. c3 b6 5. Nd2 cxd4 6. exd4 a6 7. a4 Bb7 8. Ngf3 Be7 9. h3 d6 10. Be2 O-O 11. O-O Nbd7 12. Bh2 Re8 13. Re1 Qc7 14. Qb3 Rac8 15. c4 a5 16. Rac1 Bf8 17. Nb1 Ba6 18. Na3 Qb8 19. Nb5 e5 20. c5 bxc5 21. Bc4 d5 22. Bxd5 Nxd5 23. Qxd5 Bxb5 24. axb5 Qxb5 25. dxe5 Nb6 26. Qa2 c4 27. Red1 Bb4 28. Nd4 Qd7 29. Kh1 Red8 30. Qb1 g6 31. f4 Nd5 32. Qe4 Ne7 33. e6 fxe6 34. Nxe6 Qxd1+ 35. Rxd1 Rxd1+ 36. Bg1 Nf5 37. Qe5 Re1 38. Qd5 Ne7 39. Qd7 h6 40. Kh2 Kf7 41. Nd8+ Kf8 42. Bd4 1-0

[Event "HUN-ch Rapid 2019"]
[Site "Ajka"]
[Date "2019.07.20"]
[Round "9.18"]
[White "Egresi, Mate"]
[Black "Borhy, Marcell"]
[Result "1/2-1/2"]
[ECO "A55"]
[WhiteElo "2341"]
[BlackElo "2382"]
[Annotator "NA"]
[PlyCount "110"]
[EventDate "2019.07.18"]
[EventType "swiss"]
[EventCountry "HUN"]
[SourceTitle "playchess.com"]
[Source "ChessBase"]
[SourceQuality "1"]
[TimeControl "1200+5"]

1. d4 d6 2. Nf3 Nf6 3. c4 Nbd7 4. Nc3 e5 5. e4 Be7 6. Be2 O-O 7. O-O c6 8. d5 cxd5 9. cxd5 a6 10. Be3 b5 11. a4 b4 12. Na2 a5 13. Nd2 Nb6 14. Bb5 Bd7 15. Bxd7 Nfxd7 16. Nc1 Bg5 17. Ncb3 Bxe3 18. fxe3 Qc7 19. Qe2 Rfc8 20. Rfc1 Qa7 21. Qb5 Rxc1+ 22. Rxc1 Kf8 23. Kf2 Ke7 24. Nc4 Nxc4 25. Rxc4 Qa6 26. Qxa6 Rxa6 27. Rc6 Rxc6 28. dxc6 Nc5 29. Nxa5 Nd3+ 30. Ke2 Nxb2 31. Kd2 Nxa4 32. Kd3 Nc5+ 33. Kc4 Kd8 34. Kd5 Kc7 35. Nc4 Nxe4 36. Kxe4 Kxc6 37. Kd3 f5 38. Kc2 Kc5 39. Kb3 g5 40. Na5 f4 41. exf4 gxf4 42. Nb7+ Kd4 43. Nxd6 e4 44. Kxb4 f3 45. gxf3 exf3 46. Nf5+ Ke4 47. Ng3+ Ke3 48. h4 Kf2 49. Nf5 Kg2 50. Kc3 f2 51. Ne3+ Kg3 52. h5 Kh4 53. h6 Kg5 54. Kd3 Kxh6 55. Ng4+ Kg5 1/2-1/2

[Event "HUN-ch Rapid 2019"]
[Site "Ajka"]
[Date "2019.07.20"]
[Round "9.19"]
[White "Deak, Sandor"]
[Black "Forgacs, Attila Jr."]
[Result "1/2-1/2"]
[ECO "A53"]
[WhiteElo "2279"]
[BlackElo "1706"]
[Annotator "NA"]
[PlyCount "84"]
[EventDate "2019.07.18"]
[EventType "swiss"]
[EventCountry "HUN"]
[SourceTitle "playchess.com"]
[Source "ChessBase"]
[SourceQuality "1"]
[TimeControl "1200+5"]

1. d4 Nf6 2. c4 d6 3. Nc3 Nbd7 4. e4 e5 5. Nf3 g6 6. g3 Bg7 7. Bg2 O-O 8. O-O exd4 9. Nxd4 Re8 10. Re1 a6 11. h3 Rb8 12. Bg5 h6 13. Be3 Ne5 14. b3 c5 15. Nde2 b5 16. cxb5 axb5 17. Nf4 b4 18. Ncd5 Nxd5 19. Nxd5 c4 20. bxc4 Nxc4 21. Bd4 Bxd4 22. Qxd4 Ne5 23. f4 Nd7 24. Nxb4 Qb6 25. Qxb6 Rxb6 26. Nd5 Rb2 27. Reb1 Rc2 28. Rc1 Rxc1+ 29. Rxc1 Bb7 30. Rc7 Bxd5 31. Rxd7 Bxe4 32. Bxe4 Rxe4 33. Rxd6 Ra4 34. Rd2 Kg7 35. Kf2 Ra3 36. Kg2 Kf6 37. Kh2 Ke6 38. Rg2 Kf5 39. Re2 h5 40. Re5+ Kf6 41. Re2 Kf5 42. Re5+ Kf6 1/2-1/2

[Event "HUN-ch Rapid 2019"]
[Site "Ajka"]
[Date "2019.07.20"]
[Round "9.20"]
[White "Balint, Vilmos"]
[Black "Nemeth, Zoltan"]
[Result "1/2-1/2"]
[ECO "A05"]
[WhiteElo "2203"]
[BlackElo "2275"]
[Annotator "NA"]
[PlyCount "160"]
[EventDate "2019.07.18"]
[EventType "swiss"]
[EventCountry "HUN"]
[SourceTitle "playchess.com"]
[Source "ChessBase"]
[SourceQuality "1"]
[TimeControl "1200+5"]

1. Nf3 Nf6 2. g3 b6 3. Bg2 Bb7 4. c4 g6 5. d4 Bg7 6. O-O O-O 7. Nc3 Ne4 8. Bd2 d6 9. Rc1 Nd7 10. Be1 Nxc3 11. Bxc3 Be4 12. Bh3 Bxf3 13. exf3 c5 14. f4 cxd4 15. Bxd4 Bxd4 16. Qxd4 Rc8 17. Rfe1 Rc7 18. Rc3 Nf6 19. Rce3 e5 20. fxe5 dxe5 21. Qh4 e4 22. b3 Kg7 23. Bg2 Re7 24. Bxe4 Rfe8 25. Bf3 Rxe3 26. Rxe3 Rxe3 27. fxe3 Qd2 28. Qd4 Qxa2 29. g4 h6 30. h4 g5 31. hxg5 hxg5 32. Qe5 Qa5 33. Qd4 Qc5 34. Kg2 a5 35. Qc3 Qd6 36. e4 Qe6 37. Qe3 Kh6 38. Kh3 Nd7 39. Qd4 f6 40. Bd1 Ne5 41. Qd8 Ng6 42. Qd4 Qe5 43. Qxe5 fxe5 44. Kg3 Kg7 45. Kf3 Kf6 46. Ke3 Ke7 47. Kd3 Kd6 48. Kc3 Kc5 49. Be2 Ne7 50. Bf1 Nc8 51. Bd3 Nd6 52. Bc2 b5 53. cxb5 Nxb5+ 54. Kb2 Kb4 55. Bd3 Nd4 56. Bc2 Nf3 57. Bd1 Nd4 58. Bc2 Kc5 59. Bd3 Nc6 60. Kc3 Nd4 61. Bc4 Nf3 62. Be2 Nh4 63. Bc4 Ng6 64. Bf1 Ne7 65. Bc4 Nc6 66. Bf1 Na7 67. Bd3 Nb5+ 68. Bxb5 Kxb5 69. Kc2 Kc6 70. Kd3 Kb5 71. Kc3 Kc5 72. Kd3 Kb4 73. Kc2 Kb5 74. Kc3 Kc5 75. Kd3 Kb5 76. Kc3 Kc5 77. Kd3 Kb4 78. Kc2 Kc5 79. Kd3 Kb5 80. Kc3 Kc5 1/2-1/2

[Event "HUN-ch Rapid 2019"]
[Site "Ajka"]
[Date "2019.07.21"]
[Round "10.2"]
[White "Hera, Imre Jr."]
[Black "Gledura, Benjamin"]
[Result "1/2-1/2"]
[ECO "A00"]
[WhiteElo "2610"]
[BlackElo "2654"]
[Annotator "ChessBase"]
[PlyCount "84"]
[EventDate "2019.07.18"]
[EventType "swiss"]
[EventCountry "HUN"]
[SourceTitle "playchess.com"]
[Source "ChessBase"]
[SourceQuality "1"]
[TimeControl "1200+5"]

1. g3 d5 2. Bg2 c6 3. d3 g6 4. Nd2 Bg7 5. e4 e5 6. Ngf3 Ne7 7. O-O O-O 8. b4 a5 9. bxa5 Rxa5 10. Bb2 Qc7 11. a4 h6 12. Re1 dxe4 13. Nxe4 Bf5 14. Nfd2 Be6 15. Nb3 Bxb3 16. cxb3 Nf5 17. b4 Rd5 18. h4 Nd4 19. h5 g5 20. g4 Rfd8 21. Ng3 R5d7 22. Be4 Na6 23. Bc3 Bf8 24. Rb1 c5 25. Bxd4 Rxd4 26. Qf3 Qd7 27. b5 Nb4 28. Nf5 Nxd3 29. Nxd4 Nxe1 30. Qf5 Qxf5 31. Nxf5 Nd3 32. Bxb7 c4 33. Ne3 c3 34. Be4 Bc5 35. Rd1 Bxe3 36. Rxd3 Bd4 37. Rf3 Rc8 38. Bc2 Rc4 39. Kf1 Rb4 40. Ke2 Kg7 41. Kd3 f6 42. Rh3 Bxf2 {[%emt 0:00:25] Ke4} 1/2-1/2

[Event "HUN-ch Rapid 2019"]
[Site "Ajka"]
[Date "2019.07.21"]
[Round "10.3"]
[White "Ruck, Robert"]
[Black "Papp, Gabor"]
[Result "1/2-1/2"]
[ECO "A04"]
[WhiteElo "2524"]
[BlackElo "2587"]
[Annotator "ChessBase"]
[PlyCount "36"]
[EventDate "2019.07.18"]
[EventType "swiss"]
[EventCountry "HUN"]
[SourceTitle "playchess.com"]
[Source "ChessBase"]
[SourceQuality "1"]
[TimeControl "1200+5"]

1. Nf3 c5 2. g3 Nc6 3. Bg2 g6 4. c3 Bg7 5. d4 cxd4 6. cxd4 d5 7. Nc3 e6 8. O-O Nge7 9. b3 O-O 10. e3 b6 11. Ba3 Ba6 12. Re1 Rc8 13. Qd2 Re8 14. Bf1 Bxf1 15. Rxf1 Nf5 16. Rac1 Bf8 17. Bxf8 Rxf8 18. Ne1 Nd6 1/2-1/2

[Event "HUN-ch Rapid 2019"]
[Site "Ajka"]
[Date "2019.07.21"]
[Round "10.4"]
[White "Horvath, Peter"]
[Black "Balog, Imre"]
[Result "1-0"]
[ECO "A48"]
[WhiteElo "2418"]
[BlackElo "2566"]
[Annotator "ChessBase"]
[PlyCount "75"]
[EventDate "2019.07.18"]
[EventType "swiss"]
[EventCountry "HUN"]
[SourceTitle "playchess.com"]
[Source "ChessBase"]
[SourceQuality "1"]
[TimeControl "1200+5"]

1. d4 Nf6 2. Nf3 g6 3. c4 c5 4. d5 b5 5. cxb5 a6 6. bxa6 Bg7 7. Nc3 O-O 8. e4 Qa5 9. Bd2 Bxa6 10. Rb1 Bxf1 11. Kxf1 e6 12. g3 Qb4 13. Qe2 Qb7 14. Bg5 Nxd5 15. Kg2 Nxc3 16. bxc3 Qa7 17. e5 Nc6 18. Rb2 Qc7 19. Re1 Ra3 20. Rc2 Rfa8 21. h4 Qb7 22. Bf6 d5 23. Bxg7 Kxg7 24. h5 d4 25. Qe4 Rxc3 26. h6+ Kg8 27. Rxc3 dxc3 28. Rc1 Rxa2 29. Rxc3 Ra5 30. Rd3 Ra8 31. Rd6 Rc8 32. Ng5 c4 33. Kh2 c3 34. Qf3 f5 35. exf6 c2 36. f7+ Kf8 37. Qf6 Nd4 38. Nxh7# 1-0

[Event "HUN-ch Rapid 2019"]
[Site "Ajka"]
[Date "2019.07.21"]
[Round "10.5"]
[White "Karacsonyi, Gellert"]
[Black "Prohaszka, Peter"]
[Result "1-0"]
[ECO "B11"]
[WhiteElo "2315"]
[BlackElo "2598"]
[Annotator "ChessBase"]
[PlyCount "83"]
[EventDate "2019.07.18"]
[EventType "swiss"]
[EventCountry "HUN"]
[SourceTitle "playchess.com"]
[Source "ChessBase"]
[SourceQuality "1"]
[TimeControl "1200+5"]

1. e4 c6 2. Nc3 d5 3. Nf3 Bg4 4. h3 Bxf3 5. Qxf3 e6 6. Be2 Nd7 7. O-O g6 8. Re1 d4 9. Nd1 Bg7 10. d3 Ne7 11. Qg3 O-O 12. f4 f5 13. Nf2 a5 14. Bd2 a4 15. a3 c5 16. Bf3 Qc7 17. Qh2 Rae8 18. Re2 Nc8 19. Rae1 Nd6 20. h4 h5 21. Qg3 Kh7 22. Nh3 Bh6 23. c3 c4 24. dxc4 d3 25. Re3 Nxc4 26. exf5 Rxf5 27. Rxd3 Nc5 28. Be4 Nxd3 29. Bxf5 gxf5 30. Qxd3 Qc6 31. Qe2 Rg8 32. Ng5+ Bxg5 33. hxg5 Kg6 34. Qxe6+ Qxe6 35. Rxe6+ Kf7 36. Rf6+ Ke7 37. Be1 Nxb2 38. Rxf5 Nc4 39. Bf2 b6 40. Rb5 Rb8 41. f5 Nxa3 42. Bc5+ 1-0

[Event "HUN-ch Rapid 2019"]
[Site "Ajka"]
[Date "2019.07.21"]
[Round "10.6"]
[White "Popovics, Adam"]
[Black "Czebe, Attila"]
[Result "0-1"]
[ECO "B27"]
[WhiteElo "2365"]
[BlackElo "2436"]
[Annotator "NA"]
[PlyCount "46"]
[EventDate "2019.07.18"]
[EventType "swiss"]
[EventCountry "HUN"]
[SourceTitle "playchess.com"]
[Source "ChessBase"]
[SourceQuality "1"]
[TimeControl "1200+5"]

1. e4 c5 2. Nf3 b6 3. d4 cxd4 4. Nxd4 Bb7 5. Bd3 g6 6. O-O Bg7 7. Be3 Nc6 8. Nxc6 Bxc6 9. Nc3 d6 10. Qd2 Nf6 11. Bh6 O-O 12. Rae1 Qd7 13. Bxg7 Kxg7 14. f4 b5 15. Kh1 b4 16. Nd1 a5 17. f5 e5 18. fxe6 fxe6 19. Ne3 e5 20. c4 Qa7 21. Nd5 Bxd5 22. exd5 Ng4 23. g3 Qd4 0-1